 Dungeon Crawl Stone Soup version 0.23-a0-494-g91793a9df2 (webtiles) character file.

34 Leibowitz the Ducker (level 3, 0/40 HPs)
             Began as a Demonspawn Gladiator on Dec 3, 2018.
             Succumbed to an adder's poison
             ... on level 2 of the Dungeon.
             The game lasted 00:02:01 (620 turns).

Leibowitz the Ducker (Demonspawn Gladiator)          Turns: 620, Time: 00:02:02

Health: 0/40       AC: 10    Str: 19    XL:     3   Next: 14%
Magic:  3/3        EV: 13    Int:  9    God:
Gold:   29         SH:  0    Dex: 15    Spells: 2/2 levels left

rFire    . . .     SeeInvis .   a - +0 long sword
rCold    . . .     Gourm    .   (no shield)
rNeg     . . .     Faith    .   b - +0 leather armour
rPois    .         Spirit   .   c - +0 helmet
rElec    .         Reflect  .   (no cloak)
rCorr    .         Harm     .   (no gloves)
MR       .....                  (no boots)
Stlth    ..........             (no amulet)
HPRegen  0.13/turn              (no ring)
MPRegen  0.08/turn              (no ring)

@: berserking, lethally poisoned (0 -> -4), sanguine armour, hasted, very quick
A: claws 1, sanguine armour 1
a: no special abilities


You were on level 2 of the Dungeon.
You were not hungry.

You visited 1 branch of the dungeon, and saw 2 of its levels.

You collected 29 gold pieces.

Inventory:

Hand Weapons
 a - a +0 long sword (weapon)
Missiles
 d - 3 throwing nets (quivered)
Armour
 b - a +0 leather armour (worn)
 c - a +0 helmet (worn)
Scrolls
 g - 2 scrolls of identify {unknown}
 h - a scroll of remove curse {unknown}
 i - a scroll of enchant weapon {unknown}
 j - 2 scrolls of teleportation {unknown}
Potions
 l - a potion of heal wounds {unknown}
 m - 2 potions of resistance {unknown}
Comestibles
 f - 3 rations


   Skills:
 * Level 2.1 Fighting
 * Level 3.2 Long Blades
 - Level 1.7 Throwing
 * Level 0.1 Armour
 * Level 3.2 Dodging


You had 2 spell levels left.
You didn't know any spells.
Your spell library was empty.

Dungeon Overview and Level Annotations

Branches:
Dungeon (2/15)

Altars:
Kikubaaqudgha

Annotations:
D:1 1 runed door


Innate Abilities, Weirdness & Mutations

You have sharp fingernails.
When seriously injured, your bleeding wounds create armour. (AC +6)


Message History

a +0 club; a hobgoblin corpse A jelly comes into view.
An adder comes into view.
The adder hisses angrily.
The adder bites you but does no damage.
You closely miss the adder. The adder closely misses you.
The adder barely misses you.
You miss the adder. The adder closely misses you. The adder bites you.
* * * LOW HITPOINT WARNING * * *
You are lethally poisoned!
The adder poisons you!
It was a potion of haste.
You feel yourself speed up.
* * * LOW HITPOINT WARNING * * *
You feel sick. The adder bites you.
* * * LOW HITPOINT WARNING * * *
It was a potion of berserk rage.
A red film seems to cover your vision as you go berserk!
You feel yourself moving faster!
You feel mighty! The adder closely misses you.
You closely miss the adder.
You die...

.#.......#..#
#.##.......#
....._......#
#..†)......#
.#.......#..#
####.......#
.#.......#.##
#........#
##.....##.#
#w#.#....#
###.####.#
#.#.#.####
.... ..# #.#.#
# .####
..########.#.#
......S@.w...#
############.#
J# #


You could see a worm and an adder.

Vanquished Creatures
  2 dart slugs (D:1)
  3 orcs (D:2)
  7 bats
  A giant cockroach (D:2)
  2 goblins (D:1)
  A hobgoblin (D:2)
  3 jackals (D:1)
  A kobold (D:1)
  A ball python (D:1)
  3 frilled lizards
  A rat (D:1)
25 creatures vanquished.

Notes
Turn   | Place    | Note
-------+----------+-------------------------------------------
     0 | D:1      | Leibowitz the Demonspawn Gladiator began the quest for the
                  | Orb.
     0 | D:1      | Reached XP level 1. HP: 16/16 MP: 1/1
     2 | D:1      | Found a runed door.
    77 | D:1      | Gained mutation: You have sharp fingernails. [demonic
                  | ancestry]
    77 | D:1      | Reached XP level 2. HP: 16/22 MP: 2/2
   548 | D:2      | Gained mutation: When seriously injured, your bleeding
                  | wounds create armour. (AC +6) [demonic ancestry]
   548 | D:2      | Reached XP level 3. HP: 24/27 MP: 3/3
   570 | D:2      | Found an ancient bone altar of Kikubaaqudgha.
   618 | D:2      | HP: 1/27 [adder (2)]
   620 | D:2      | Succumbed to an adder's poison

Vault maps used:
D:1:      dpeg_arrival_caged_fury
D:2:      old_standard_altar, first_ration, roderic_lattice_a,
          kennysheep_generic_room_9

Skill      XL: |  1  2 |
---------------+-------+-----
Dodging        | 3 |  3.2
Long Blades    | 3 |  3.2
Fighting       | |  2.1
Throwing       | |  1.7
Armour         | |  0.1

Action                   || total
-------------------------++-------
Melee: Long sword        ||    49
  Use: Potion            ||     2
Armor: Leather armour    ||    27
Dodge: Dodged            ||    65
       Rpst.: Long sword ||    28

Table legend:
 A = Non-vault XP
 B = Vault XP
 C = Vault XP percentage of total XP
 D = Non-vault monster count
 E = Vault monster count
 F = Vault count percentage of total count
                 A         B        C        D         E       F
            +---------+---------+-------+---------+---------+-------
      Total |      49 |       0 |   0.0 |      25 |       0 |   0.0
            +---------+---------+-------+---------+---------+-------
        D:1 |      29 |       0 |   0.0 |      15 |       0 |   0.0
        D:2 |      20 |       0 |   0.0 |      10 |       0 |   0.0
            +---------+---------+-------+---------+---------+-------
